 Dungeon Crawl Stone Soup version 0.21-a0-437-ge5bf024 (webtiles) character file.

5 theanonym the Slasher (level 1, -1/20 HPs)
             Began as a Minotaur Monk on Nov 9, 2017.
             Slain by a jackal (2 damage)
             ... on level 1 of the Dungeon.
             The game lasted 00:00:17 (63 turns).

theanonym the Slasher (Minotaur Monk)                 Turns: 63, Time: 00:00:18

Health: -1/20      AC:  2    Str: 15    XL:     1   Next: 66%
Magic:  0/0        EV: 13    Int:  7    God:
Gold:   17         SH:  0    Dex: 12    Spells: 0/0 levels left

rFire    . . .     SeeInvis .   a - +0 falchion
rCold    . . .     Gourm    .   (no shield)
rNeg     . . .     Faith    .   b - +0 robe
rPois    .         Spirit   .   (helmet restricted)
rElec    .         Reflect  .   (no cloak)
rCorr    .         Harm     .   (no gloves)
MR       .....                  (no boots)
Stlth    ++........             (no amulet)
HPRegen  0.06/turn              (no ring)
MPRegen  0.07/turn              (no ring)

@: no status effects
A: retaliatory headbutt, horns 2
a: no special abilities


Innate Abilities, Weirdness & Mutations

You reflexively headbutt those who attack you in melee.
You have a pair of horns on your head.


   Skills:
 + Level 3.8 Fighting
 * Level 4.0 Long Blades
 - Level 3.2 Dodging
 - Level 1.5 Stealth


You couldn't memorise any spells.
You didn't know any spells.

Skill      XL: |  1 |
---------------+----+-----
Long Blades    | 4 |  4.0
Fighting       | |  3.8
Dodging        | |  3.2
Stealth        | |  1.5

Action                   || total
-------------------------++-------
Melee: Falchion          ||     7
Armor: Robe              ||     2
Dodge: Dodged            ||    15
       Rpst.: Falchion   ||     5

Inventory:

Hand Weapons
 a - a +0 falchion (weapon)
Armour
 b - a +0 robe (worn)
Potions
 e - a potion of curing {unknown}
Comestibles
 c - a bread ration
 d - 2 chunks of flesh

Dungeon Overview and Level Annotations

Branches:
Dungeon (1/15)

Altars:


You were on level 1 of the Dungeon.
You were not hungry.

You visited 1 branch of the dungeon, and saw 1 of its levels.

You collected 17 gold pieces.


Message History

Welcome, theanonym the Minotaur Monk.
Will you prevail where others failed? Will you find the Orb of Zot?
Found a white potion and a dagger.
Found two stairs.
Unknown command.
Setting a skill training target for Long Blades at 14.0.
A goblin comes into view. It is wielding a club.
Found 28 gold pieces.
The goblin shouts!
You barely miss the goblin. The goblin hits you with a club.
You take 2 damage, and have 17/19 hp.
You hit the goblin but do no damage. The goblin barely misses you.
The goblin completely misses you.
You riposte.
You completely miss the goblin. You hit the goblin.
The goblin barely misses you. You furiously retaliate!
You headbutt the goblin.
You kill the goblin!
No target in view!
No target in view!
No target in view!
No target in view!
Things that are here:
a club; a goblin corpse; Health restored: 20 You butcher the goblin corpse.
d - 2 chunks of flesh
Things that are here:
a club; a goblin skeleton
Things that are here:
a club; a goblin skeleton
e - a white potion You now have 17 gold pieces.
A jackal comes into view.
A jackal is nearby!
A jackal is nearby!
A jackal is nearby!
A jackal is nearby!
A jackal is nearby! 2 jackals come into view.
Found a robe.
A goblin comes into view.
The goblin shouts!
The jackal barks!
A jackal and a hobgoblin come into view.
You see here 11 gold pieces.
The jackal bites you.
Found a scroll labeled HUC NYMEGUMA.
You take 3 damage, and have 17/20 hp.
You closely miss the jackal.
The jackal barks!
Your headbutt misses the jackal. The jackal barely misses you.
The jackal closely misses you.
You riposte.
You closely miss the jackal. You barely miss the jackal.
The jackal closely misses you. x2
You furiously retaliate!
You headbutt the jackal, but do no damage.
The jackal bites you. The jackal misses you. The jackal barely misses you.
You furiously retaliate!
You headbutt the jackal!
You kill the jackal!
You take 1 damage, and have 16/20 hp.
You hit the jackal. The jackal completely misses you. You furiously retaliate!
You headbutt the jackal!
You kill the jackal!
The jackal bites you. The hobgoblin completely misses you.
You riposte.
You closely miss the hobgoblin. The jackal closely misses you.
You riposte.
You hit the jackal but do no damage. Your headbutt misses the jackal.
The jackal misses you.
You riposte.
You closely miss the jackal. Your headbutt misses the jackal.
You take 1 damage, and have 15/20 hp.
You hit the goblin.
You kill the goblin!
Your Long Blades skill increases to level 4!
The jackal bites you but does no damage.
The hobgoblin hits you with a club!
* * * LOW HITPOINT WARNING * * *
The jackal bites you.
* * * LOW HITPOINT WARNING * * *
The jackal bites you but does no damage.
You are too injured to fight recklessly!
You take 10 damage, and have 5/20 hp.
MASSIVE DAMAGE!!
The jackal bites you.
* * * LOW HITPOINT WARNING * * *
The hobgoblin hits you with a club.
* * * LOW HITPOINT WARNING * * *
The jackal barely misses you.
You see here 11 gold pieces.
You take 4 damage, and have 1/20 hp.
The jackal misses you. The jackal bites you.
You die...

..? ... ### #.. ..# #.# #.#
#.# #####?# #.# #.....#
####.##.####.###.#######
......†.$gh@...........#
##........h.##)........#
##[.%......##.........####
.....##............##.....#
..... #............##.....#
.... .....................#
... ...............)......#
..# ........>.........##..#
.......<........# ..#


You could see 2 jackals and a hobgoblin.

Notes
Turn   | Place    | Note
-------+----------+-------------------------------------------
     0 | D:1      | theanonym the Minotaur Monk began the quest for the Orb.
     0 | D:1      | Reached XP level 1. HP: 19/19 MP: 0/0
    52 | D:1      | beem: 8022817 games for win: 4702583x, 270723x very slightly contaminated, 109719x mildly poisoned, 99011x mighty, 84039x non-regenerating, 74932x slowed, 64975x berserking, 62641x about to teleport, 56892x drained, 55949x confused, 54845x lethally poisoned, 47132x rotting, 41984x exhausted,slowed, 41145x flying, 38208x appendage, 36565x repel missiles, 36227x paralysed, 35176x agile, 34043x appendage...
    59 | D:1      | Reached skill level 4 in Long Blades
    59 | D:1      | HP: 8/20 [hobgoblin/club (7)]
    60 | D:1      | HP: 3/20 [jackal (2)]
    60 | D:1      | HP: 1/20 [hobgoblin/club (2)]
    63 | D:1      | Slain by a jackal

Vanquished Creatures
  2 goblins (D:1)
  2 jackals (D:1)
4 creatures vanquished.
